AoeStats
← Bandolero

Arabia

508882288Analyzed
1v1 RM · 7d ago on Sep 24, 2026· 39m 35s· 2 players
Game mode
Random Map
Map size
Tiny (2 player)
Population
200
Speed
Normal
Resources
Standard
Victory
Conquest
Starting age
Dark Age
Ending age
Imperial Age
RankedLock teamsTeams togetherTeam positionsShared explorationLock speedFull tech treeHidden civsTurbo modeCheats
Victory
Defeat
🇩🇪 Chinese · Germany
1370
+16
🇦🇷 Maya · Argentina
1361
-16
Bandolero
0:26 Loom
8:57 Feudal Age
9:28 Double-Bit Axe
17:20 Fletching
22:49 Castle Age
22:12 Gold Mining
22:33 Padded Archer Armor
22:52 Crossbowman
23:30 Bodkin Arrow
26:03 Bow Saw
27:26 Wheelbarrow
26:37 Town Watch
29:05 Leather Archer Armor
31:08 Ballistics
32:35 Thumb Ring
33:12 Hand Cart
32:49 Stone Mining
33:14 Horse Collar
37:37 Imperial Age
35:02 Eagle Warrior
36:03 Scale Mail Armor
36:34 Forging
36:55 Squires
37:16 Chain Mail Armor
38:43 Iron Casting
37:46 Arbalester
Rodro
0:25 Loom
8:44 Feudal Age
9:13 Double-Bit Axe
19:47 Castle Age
18:31 Fletching
19:58 Gold Mining
19:49 Horse Collar
20:12 Elite Skirmisher
21:04 Scale Barding Armor
24:57 Padded Archer Armor
25:38 Bow Saw
26:53 Bodkin Arrow
27:57 Wheelbarrow
28:27 Leather Archer Armor
29:43 Gold Shaft Mining
29:12 Heavy Plow
34:02 Imperial Age
31:18 Town Watch
32:02 Stone Mining
32:36 Ballistics
33:48 Stone Mining
34:46 Bracer
35:06 Bloodlines
34:56 Husbandry
34:17 Cavalier
35:18 Chain Barding Armor
35:52 Conscription
37:36 Hand Cart
38:22 Plate Barding Armor
37:58 Forging
39:25 Ring Archer Armor
39:48 Thumb Ring
Connection lost

Rejoining the realm…

Still unreachable

The connection could not be restored.

Session expired

The server has moved on; the page needs a fresh start.